 Dungeon Crawl Stone Soup version 0.14-a0-1585-g835621a (webtiles) character file.

156 PolkaDot the Gusty (level 4, -2/32 HPs)
             Began as a Vampire Air Elementalist on Dec 22, 2013.
             Slain by Grinder (8 damage)
             ... on Level 3 of the Dungeon.
             The game lasted 00:11:49 (3136 turns).

PolkaDot the Gusty (Vampire Air Elementalist)       Turns: 3136, Time: 00:11:50

HP  -2/32        AC  7     Str  7      XL: 4   Next: 16%
MP   0/7         EV 20     Int 18      God:
Gold 77          SH  0     Dex 21      Spells:  2 memorised,  3 levels left

rFire  . . .     SeeInvis +     f - +0,+2 quarterstaff (protect)
rCold  . . .     Clarity  .     a - +0 robe
rNeg   + . .     Conserve .     (no shield)
rPois  .         rCorr    .     (no helmet)
rElec  .         rRot     .     (no cloak)
SustAb . .       Spirit   .     (no gloves)
rMut   .         Warding  .     (no boots)
Saprov . . .     Stasis   .     (no amulet)
                                r - +2 ring of evasion
                                q - +2 ring of dexterity

@: agile, very slightly contaminated, hasted, very quick, slightly resistant to
hostile enchantments, very stealthy
A: fangs 3, see invisible, unbreathing
a: Bat Form


You were on level 3 of the Dungeon.
You were not thirsty.

You visited 1 branch of the dungeon, and saw 3 of its levels.

You collected 77 gold pieces.

Inventory:

Hand weapons
 f - a +0,+2 quarterstaff of protection (weapon)
Armour
 a - a +0 robe (worn)
Scrolls
 c - a scroll of curse armour {unknown}
 d - a scroll of enchant weapon I {unknown}
 e - a scroll of remove curse {unknown}
 g - a scroll of teleportation {unknown}
 h - a scroll of immolation {unknown}
 i - 2 scrolls of random uselessness {unknown}
 m - a scroll of curse weapon {unknown}
 p - a scroll of enchant weapon II {unknown}
 s - a scroll of magic mapping {unknown}
Jewellery
 q - a +2 ring of dexterity (left hand)
 r - a +2 ring of evasion (right hand)
Potions
 j - a potion of invisibility
Books
 b - a book of Air

   Spells                             Type                      Level
   *Shock                             Conjuration/Air              1
   Swiftness                          Charms/Air                   2
   Repel Missiles                     Charms/Air                   2
   Flight                             Charms/Air                   3
   *Static Discharge                  Conjuration/Air              3
   Lightning Bolt                     Conjuration/Air              5


   Skills:
 - Level 1.0 Fighting
 - Level 2.1 Dodging
 - Level 3.0 Stealth
 - Level 2.0 Spellcasting
 - Level 1.6 Conjurations
 * Level 4.2 Air Magic


You had 3 spell levels left.
You knew the following spells:

 Your Spells              Type           Power        Failure   Level  Hunger
a - Shock                 Conj/Air       ##..         8%          1    #......
z - Static Discharge      Conj/Air       ##......     21%         3    ####...


Dungeon Overview and Level Annotations

Branches:
Dungeon (3/16)

Altars:

Annotations:
D:3 Grinder


Innate Abilities, Weirdness & Mutations

You have razor-sharp teeth.*
You have supernaturally acute eyesight.
You can survive without breathing.*


Message History

Aiming: Shock
Press: ? - help, Shift-Dir - straight line, f - Grinder
Aim: Grinder (heavily wounded)
The zap hits Grinder.
Grinder is severely wounded.
* * * LOW MAGIC WARNING * * *
Grinder gestures at you.
You strain under the huge effort it takes to resist.
Casting: Shock
Confirm with . or Enter, or press ? or * to list all spells.
Aiming: Shock
Press: ? - help, Shift-Dir - straight line, f/p - Grinder
Aim: Grinder (severely wounded)
The zap hits Grinder.
Grinder is severely wounded.
* * * LOW MAGIC WARNING * * *
You completely miss Grinder. Your bite misses Grinder.
Grinder is severely wounded.
Grinder hits you!
You die...

#.
##.#######
#........#
###........#
#..........#
#........#
#.......##
#....5≈≈≈#
#....@#≈≈#
####.## ≈#
#.. # #.# #.
.. #.# ..


You could see Grinder.

Vanquished Creatures
  4 adders
  A giant gecko (D:1)
  9 goblins
  5 hobgoblins
  6 kobolds
  2 quokkas (D:2)
  3 bats
  2 giant cockroaches (D:1)
  5 giant newts
  6 rats
43 creatures vanquished.

Notes
Turn   | Place    | Note
--------------------------------------------------------------
     0 | D:1      | PolkaDot, the Vampire Air Elementalist, began the quest for the Orb.
     0 | D:1      | Reached XP level 1. HP: 13/13 MP: 3/3
   232 | D:1      | Reached skill level 1 in Conjurations
   392 | D:1      | Reached XP level 2. HP: 17/19 MP: 4/4
  1140 | D:1      | Reached XP level 3. HP: 18/25 MP: 1/6
  1916 | D:2      | Reached skill level 1 in Fighting
  2286 | D:2      | Learned a level 3 spell: Static Discharge
  2304 | D:2      | Reached skill level 4 in Air Magic
  2675 | D:2      | Reached XP level 4. HP: 32/32 MP: 7/7
  3108 | D:3      | Noticed Grinder
  3115 | D:3      | Paralysed by Grinder for 5 turns
  3123 | D:3      | Paralysed by Grinder for 6 turns
  3136 | D:3      | Slain by Grinder

Action                   |  1- 3 |  4- 6 || total
-------------------------+-------+-------++-------
Melee: Short sword       |    64 |       ||    64
       Quarterstaff      |    15 |    19 ||    34
 Cast: Shock             |    30 |     2 ||    32
       Static Discharge  |       |     2 ||     2
  Use: Potion            |     2 |     4 ||     6
       Scroll            |     3 |       ||     3
 Stab: Sleeping          |     4 |     1 ||     5
